Map: Abiogenesis LE

Players

Bananimal - Winner!

  • Race: Terran Terran
  • League: Platinum
  • Spawn Location: 5:00

Juxtapose

  • Race: Terran Terran
  • League: Platinum
  • Spawn Location: 11:00

VOD

https://youtu.be/k8XY24Z916U

Description

This match very much reminded me of a more classic Terran mirror match, and had I pushed a bit earlier I think I would have done better.

Time

  • Played on: Feb. 5, 2018, 7:05 p.m.
  • Length: 10:52
Show
View Real Time Build Order
Export as new Build Order

Bananimal Terran - Winner!

Build Orders:  

Get SALT Encoding   

  12  0:02  SCV  
  13  0:14  SCV  
  14  0:17  Supply Depot  
  14  0:29  SCV  
  15  0:42  SCV  
  16  0:46  Barracks  
  16  0:50  Refinery  
  16  0:54  SCV  
  17  1:05  Barracks  
  17  1:09  SCV  
  18  1:24  SCV  
  19  1:34  Refinery  
  19  1:35  Reaper  
  19  1:37  Orbital Command  
  20  1:55  Marine  
  20  2:00  Supply Depot  
  21  2:04  SCV  
  22  2:09  Factory  
  22  2:12  Marine  
  23  2:22  SCV  
  24  2:26  Supply Depot  
  24  2:30  Marine  
  24  2:34  SCV  
  24  2:35  Barracks Tech Lab  
  26  2:46  SCV  
  27  2:59  SCV  
  27  3:01  Barracks Reactor  
  27  3:02  Starport  
  28  3:18  SCV  
  28  3:22  Barracks Tech Lab  
  28  3:26  Siege Tank  
  31  3:28  Engineering Bay  
  31  3:30  SCV  
  32  3:38  Marine  
  32  3:39  Marine  
  35  3:42  SCV, Marauder  
  37  3:48  Supply Depot  
  37  4:00  Missile Turret  
  37  4:05  Supply Depot, Marine x2  
  39  4:10  Siege Tank  
  44  4:24  Marauder  
  44  4:30  Supply Depot  
  44  4:36  Medivac x2  
  48  4:39  Barracks Reactor  
  48  5:00  Marauder  
  48  5:02  Supply Depot  
  48  5:05  SCV  
  51  5:07  Siege Tank  
  51  5:12  Viking  
  56  5:18  Viking  
  58  5:21  Marine  
  58  5:23  Marine x2  
  47  5:39  Marine  
  48  5:46  Marine x2  
  50  5:57  Marauder  
  50  6:02  Command Center  
  52  6:19  SCV  
  52  6:24  Medivac x2  
  52  6:25  Marine x2  
  60  6:28  Marauder  
  60  6:31  Stimpack, SCV  
  62  6:44  Marine  
  62  6:45  Marine  
  64  6:53  SCV  
  65  6:54  Siege Tank  
  65  6:57  Marauder  
  70  7:01  Liberator  
  70  7:05  SCV  
  71  7:14  Orbital Command  
  71  7:20  Marine  
  68  7:46  Viking  
  68  7:49  Marine x3  
  67  8:07  Marine  
  67  8:12  Viking  
  67  8:14  Marine, Marauder  
  67  8:15  Orbital Command  
  67  8:16  SCV  
  71  8:25  Marine  
  72  8:30  Liberator  
  72  8:32  Marine  
  62  8:35  Marine  
  59  8:42  Marine  
  63  8:48  Siege Tank  
  63  8:50  Marine, SCV x2  
  63  8:53  Marine  
  70  9:00  Marine  
  70  9:02  SCV  
  72  9:03  SCV  
  72  9:08  Marine  
  74  9:11  Marine  
  74  9:12  Viking  
  77  9:19  Marine  
  76  9:25  Marine  
  76  9:28  Marine  
  70  9:37  Marine  
  71  9:41  Viking  
  71  9:42  SCV x2  
  71  9:43  Marine  
  76  9:45  Refinery  
  76  9:46  Marine  
  76  9:48  Refinery, Barracks  
  77  9:55  Marine  
  75  10:01  Marine  
  76  10:12  Marine  
  76  10:13  Marine  
  78  10:15  Siege Tank  
  78  10:19  Marine  
  82  10:27  Barracks  
  82  10:30  Marine  
  82  10:31  Marine  
  82  10:32  SCV, Barracks  
  82  10:33  SCV  
Show
View Real Time Build Order
Export as new Build Order

Juxtapose Terran 

Build Orders:  

Get SALT Encoding   

  12  0:01  SCV  
  13  0:13  SCV  
  14  0:21  Supply Depot  
  14  0:25  SCV  
  16  0:42  SCV  
  16  0:48  Barracks  
  16  0:50  Supply Depot  
  16  0:54  SCV  
  17  1:04  Refinery  
  17  1:07  SCV  
  18  1:14  Refinery  
  18  1:19  SCV  
  19  1:31  SCV  
  20  1:40  Marine  
  20  1:46  Orbital Command  
  21  1:54  Factory  
  21  2:11  Barracks Reactor  
  21  2:20  SCV  
  21  2:32  SCV  
  22  2:39  Factory Reactor  
  22  2:45  SCV  
  22  2:51  Supply Depot  
  23  2:52  Marine x2  
  23  2:57  SCV  
  25  3:09  SCV, Marine  
  25  3:10  Marine  
  27  3:21  Cyclone, SCV  
  31  3:27  Supply Depot  
  31  3:28  Supply Depot  
  31  3:32  Engineering Bay  
  31  3:42  Cyclone, Marine x2  
  36  3:53  Cyclone  
  39  4:00  Marine x2, Terran Infantry Weapons Level 1  
  41  4:14  Cyclone  
  44  4:17  Marine x2  
  46  4:25  Cyclone  
  49  4:34  Missile Turret  
  49  4:35  Marine x2  
  51  4:42  Supply Depot  
  51  4:46  Cyclone  
  54  4:57  Marine  
  55  5:04  Marine  
  56  5:11  Command Center  
  56  5:28  Factory Tech Lab  
  56  5:35  Marine x2  
  53  5:50  Barracks  
  53  5:53  Marine x2  
  53  5:54  Terran Infantry Armor Level 1  
  55  6:11  Marine x2  
  51  6:22  Siege Tank  
  54  6:28  Marine  
  54  6:29  Orbital Command, Marine, Starport  
  56  6:33  Missile Turret  
  56  6:35  SCV  
  57  6:42  Barracks Tech Lab  
  57  6:46  Marine  
  58  6:47  Marine  
  58  6:48  SCV  
  60  6:54  Siege Tank  
  60  7:00  SCV  
  64  7:01  SCV  
  64  7:04  Marine  
  64  7:06  Stimpack  
  64  7:07  Marine, Marauder  
  69  7:12  SCV  
  69  7:13  SCV, Medivac  
  73  7:28  Marauder  
  66  7:34  Marine  
  66  7:35  Marine  
  51  7:38  Siege Tank  
  54  7:46  SCV  
  54  7:49  Marine  
  56  7:58  SCV  
  56  8:07  Marauder  
  56  8:10  Siege Tank  
  56  8:11  SCV, Liberator  
  58  8:13  Marine x2  
  60  8:23  SCV  
  61  8:29  Marauder  
  66  8:35  SCV  
  66  8:37  Liberator  
  67  8:41  SCV  
  67  8:43  Refinery  
  67  8:45  Refinery  
  61  8:50  Marauder  
  61  8:53  SCV  
  66  9:04  Marine x2  
  68  9:12  Marauder  
  69  9:22  Marine x2  
  71  9:25  Liberator x2  
  66  9:33  Marauder  
  68  9:40  Marine x2  
  73  9:54  Marine  
  73  9:57  Marine  
  73  9:58  Marine  
  71  10:12  Marine  
  72  10:15  Marine x2  
  72  10:17  Siege Tank  
  68  10:29  Marine  
  68  10:33  Marine  
Tags
 
Add a new tag
Caveats
  • Supply blocks, unpowered buildings, or Contaminate may cause inaccurate times.
  • Supply counts are checked every 10 seconds.